 Dungeon Crawl Stone Soup version 0.20-a0-1043-gbd57889 (webtiles) character file.

84 Krakonus1 the Skirmisher (level 4, -1/35 HPs)
             Began as a Demonspawn Chaos Knight on Apr 25, 2017.
             Slain by an orc
             ... wielding a +0 short sword
              (6 damage)
             ... on level 3 of the Dungeon.
             The game lasted 00:07:52 (1462 turns).

Krakonus1 the Skirmisher (Demonspawn Chaos Knight)  Turns: 1462, Time: 00:07:53

Health: -1/35      AC: 13    Str: 14    XL:     4   Next: 24%
Magic:  6/6        EV: 11    Int: 13    God:    Xom [.*....]
Gold:   137        SH:  3    Dex: 12    Spells: 5/5 levels left

rFire    x . .     SeeInvis .   d - +2 mace (protect)
rCold    + . .     Gourm    .   i - +0 buckler
rNeg     . . .     Faith    .   b - +2 leather armour
rPois    .         Spirit   .   (helmet restricted)
rElec    .         Reflect  .   (no cloak)
rCorr    .         Harm     .   h - +0 pair of gloves
MR       .....                  (no boots)
Stlth    +.........             (no amulet)
Regen    0.2/turn               e - ring of ice
MPRegen  0.1/turn               (no ring)

@: protection aura, drained
A: antennae 1
a: Renounce Religion


You were on level 3 of the Dungeon.
You worshipped Xom.
You were a plaything of Xom.
You were not hungry.

You visited 1 branch of the dungeon, and saw 3 of its levels.

You collected 137 gold pieces.

Inventory:

Hand Weapons
 a - a +0 mace of chaos
 d - a +2 mace of protection (weapon)
Armour
 b - a +2 leather armour (worn)
 h - a +0 pair of gloves (worn)
 i - a +0 buckler (worn)
Jewellery
 e - a ring of ice (left hand)
Scrolls
 j - a scroll of recharging
 l - 2 scrolls of identify
Comestibles
 c - 3 bread rations
 g - a chunk of flesh


   Skills:
 + Level 3.3 Fighting
 - Level 2.6 Maces & Flails
 + Level 2.2 Armour
 * Level 2.0 Dodging
 * Level 1.4(1.3) Stealth
 * Level 0.3 Shields
 * Level 1.3 Spellcasting


You had 5 spell levels left.
You didn't know any spells.

Dungeon Overview and Level Annotations

Branches:
Dungeon (3/15)

Altars:


Innate Abilities, Weirdness & Mutations

You have a pair of small antennae on your head.


Message History

* * * LOW HITPOINT WARNING * * *
The orc closely misses you. The orc barely misses you.
The orc closely misses you. The orc barely misses you.
You thump the orc!
Your weapon exudes an aura of protection.
You kill the orc!
The orc barely misses you. The orc misses you. The orc hits you.
* * * LOW HITPOINT WARNING * * *
The orc hits you with a club.
* * * LOW HITPOINT WARNING * * *
The orc hits you but does no damage. The orc closely misses you.
You barely miss the orc. The orc closely misses you. The orc barely misses you.
The orc hits you but does no damage. x2; The orc barely misses you.
Some of the chunks of flesh in your inventory have rotted away.
You hit the orc.
The orc is moderately wounded.
The orc barely misses you. The orc hits you but does no damage. x3
The orc closely misses you. The orc barely misses you.
You barely miss the orc. The orc hits you with a short sword.
You die...

#### .#...#
......#########
.......)......#
......§.......#
%.....§.§<....#
..............#
............oo#
#.###......oo@#
# #........oo#
#.########## #.
.


You could see 6 orcs.

Vanquished Creatures
  An adder (D:2)
  2 oozes (D:1)
  A worm (D:2)
  3 dart slugs
  2 leopard geckos
  2 orcs (D:3)
  4 bats
  2 giant cockroaches
  5 hobgoblins
  3 jackals (D:2)
  A ball python (D:2)
  3 frilled lizards
  7 goblins
  10 kobolds
  6 rats
52 creatures vanquished.

Notes
Turn   | Place    | Note
-------+----------+-------------------------------------------
     0 | D:1      | Krakonus1 the Demonspawn Chaos Knight began the quest for the Orb.
     0 | D:1      | Reached XP level 1. HP: 18/18 MP: 1/1
    19 | D:1      | Reached skill level 1 in Dodging
    40 | D:1      | XOM: potion effect (haste)
    56 | D:1      | XOM: butterfly on damage
    72 | D:1      | Gained mutation: You have a pair of small antennae on your head. [demonic ancestry]
    72 | D:1      | Reached XP level 2. HP: 5/24 MP: 2/2
    82 | D:1      | HP: 2/24 [poisoned by a kobold]
    90 | D:1      | HP: 1/24 [poisoned by a kobold]
   127 | D:1      | HP: 2/24 [leopard gecko (1)]
   142 | D:2      | XOM: potion effect (berserk rage)
   241 | D:2      | XOM: divination: detect items
   456 | D:1      | Reached skill level 1 in Stealth
   484 | D:1      | Reached skill level 1 in Spellcasting
   495 | D:1      | Reached XP level 3. HP: 29/29 MP: 4/4
   641 | D:1      | XOM: harmless Conj miscast
   859 | D:2      | XOM: potion effect (agility)
   994 | D:2      | XOM: silly message
  1096 | D:2      | XOM is BORED!
  1096 | D:2      | XOM: noise
  1225 | D:2      | Reached XP level 4. HP: 31/35 MP: 6/6
  1462 | D:3      | Slain by an orc

Vault maps used:
D:1:      tarquinn_simple_flora_water_c
D:3:      old_standard_altar, chequers_ecumenical_altar_island, hex_tiny

Skill      XL: |  1  2  3 |
---------------+----------+-----
Dodging        | 1 2 |  2.0
Armour         | 2 |  2.2
Stealth        | 1 |  1.4
Spellcasting   | 1 |  1.3
Fighting       | |  3.3
Maces & Flails | |  2.6
Shields        | |  0.3

Action                   |  1- 3 |  4- 6 || total
-------------------------+-------+-------++-------
Melee: Mace              |   121 |    24 ||   145
  Use: Scroll            |     6 |     1 ||     7
       Potion            |     1 |       ||     1
 Stab: Paralysed         |     1 |       ||     1
  Eat: Chunk             |     1 |     1 ||     2
Armor: Leather armour    |    69 |    19 ||    88
Dodge: Dodged            |   127 |    31 ||   158
Block: Buckler           |     7 |     8 ||    15
